 Dungeon Crawl Stone Soup version 0.30-a0-618-gd6c86c23d0 (webtiles) character file.

Game seed: 16270657175848686229

76 bmack86 the Trooper (level 4, -1/41 HPs)
             Began as a Minotaur Fighter on Jan 10, 2023.
             Killed from afar by an orc wizard (6 damage)
             ... with a puff of flame
             ... on level 3 of the Dungeon.
             The game lasted 00:04:18 (2296 turns).

bmack86 the Trooper (Minotaur Fighter)              Turns: 2296, Time: 00:04:19

Health: -1/41      AC: 10    Str: 23    XL:     4   Next: 12%
Magic:  3/3        EV:  7    Int:  5    God:
Gold:   115        SH:  0    Dex:  9    Spells: 3/3 levels left

rFire   . . .      SeeInvis .    a - +0 war axe
rCold   . . .      Faith    .    c - +0 buckler
rNeg    . . .      Spirit   .    l - +0 chain mail
rPois   .          Reflect  .    (helmet restricted)
rElec   .          Harm     .    q - +0 cloak
rCorr   .          Rampage  .    (no gloves)
Will    .....                    (no boots) Stlth
                                 (no amulet)
HPRegen 0.26/turn                (no ring)
MPRegen 0.08/turn                (no ring)

@: confused
A: horns 2, retaliatory headbutt
a: no special abilities


You were on level 3 of the Dungeon.
You visited 1 branch of the dungeon, and saw 3 of its levels.

You collected 115 gold pieces.

Inventory:

Hand Weapons
 a - a +0 war axe (weapon)
Missiles
 g - 4 boomerangs (quivered)
Armour
 b - a +0 scale mail
 c - a +0 buckler (worn)
 l - a +0 chain mail (worn)
 q - a +0 cloak (worn)
Scrolls
 e - 2 scrolls of enchant weapon {unknown}
 h - a scroll of magic mapping {unknown}
 i - 3 scrolls of identify {unknown}
 j - 2 scrolls of amnesia {unknown}
 k - a scroll of silence {unknown}
 m - a scroll of fog {unknown}
 p - a scroll of fear {unknown}
 r - a scroll of teleportation {unknown}
Potions
 d - 4 potions of might
 f - 2 potions of resistance {unknown}
 n - a potion of ambrosia {unknown}
 o - a potion of lignification {unknown}
 s - a potion of brilliance {unknown}
 t - a potion of flight {unknown}


   Skills:
 * Level 4.3 Fighting
 * Level 3.6 Axes
 + Level 1.1 Throwing
 + Level 4.1 Armour
 + Level 3.9 Shields


You had 3 spell levels left.
You didn't know any spells.
Your spell library contained the following spells:

 Spells                   Type           Power      Damage    Failure   Level
 Portal Projectile        Hex/Tloc       0%         N/A       100%        3
 Tukima's Dance           Hex            0%         N/A       100%        3
 Blade Hands              Tmut           0%         N/A       100%        5


Dungeon Overview and Level Annotations

Branches:
Dungeon (3/15)

Altars:
Qazlal


Innate Abilities, Weirdness & Mutations

You have a pair of horns on your head.
You reflexively headbutt those who attack you in melee.


Message History

You miss something. You completely miss something.
You hear some strange, mumbled words.
You are more confused.
Something hits you but does no damage.
You closely miss something. x2; Something hits you but does no damage. x2
Something hits you.
* * * LOW HITPOINT WARNING * * *
Something hits you but does no damage.
You bump into the rock wall.
Something hits you but does no damage. x2
You bump into the rock wall.
Something hits you but does no damage.
You hear some strange, mumbled words.
A magic dart appears from out of thin air!
The magic dart hits you.
* * * LOW HITPOINT WARNING * * *
You completely miss something. You closely miss something.
Something hits you but does no damage. x2
You miss something. You closely miss something.
You feel less confused.
You hear some strange, mumbled words.
You are confused.
You hear some strange, mumbled words.
You are more confused.
You bump into the rock wall.
Something hits you but does no damage. x2
You miss something. x2; Something hits you but does no damage. x4
You bump into the rock wall.
You hear some strange, mumbled words.
A magic dart appears from out of thin air!
The magic dart hits you but does no damage.
Something hits you but does no damage.
You bump into the rock wall.
You hear some strange, mumbled words.
A magic dart appears from out of thin air!
The magic dart hits you.
* * * LOW HITPOINT WARNING * * *
Something hits you but does no damage.
You bump into the rock wall.
Something hits you but does no damage.
You hear some strange, mumbled words.
A puff of flame appears from out of thin air!
The puff of flame hits you.
You die...

......# ###.#.#
....... #.#.###
......# ..#...#
.[...# ######.#
.....#
#.###+#..bb#
#.#...#.##o#
#.###.#.#.#.##{#
#......_.....{@#
#######.###.####
#.....†...#
#>#########


You could see an orc and 2 bats.

Vanquished Creatures
  2 adders
  A worm (D:3)
  A dart slug (D:1)
  An orc (D:3)
  6 ball pythons
  7 bats
  7 endoplasms
  A giant cockroach (D:1)
  8 jackals
  A quokka (D:1)
  A frilled lizard (D:1)
  5 goblins
  3 kobolds
  5 rats
49 creatures vanquished.

Notes
Turn   | Place    | Note
-------+----------+-------------------------------------------
     0 | D:1      | bmack86 the Minotaur Fighter began the quest for the Orb.
     0 | D:1      | Reached XP level 1. HP: 19/19 MP: 0/0
   146 | D:1      | Reached XP level 2. HP: 27/27 MP: 1/1
   624 | D:2      | Found a faded altar of an unknown god.
   631 | D:2      | Reached XP level 3. HP: 33/33 MP: 2/2
  2200 | D:3      | Reached skill level 1 in Throwing
  2200 | D:3      | Reached XP level 4. HP: 40/40 MP: 3/3
  2244 | D:3      | Found a stormy altar of Qazlal.
  2296 | D:3      | Killed from afar by an orc wizard

Illustrated notes

Levels and vault maps discovered:
D:1:      lemuel_arrival_funnel, layout_basic, corexii_corridor_pit
D:2:      layout_basic, shapermc_ecumenical_altar_starsandcircs,
          serial_co_window_serial, co_window_paths_a, co_window_paths_b,
          co_window_of_opportunity_a, co_window_paths_a, co_window_paths_a,
          co_window_broadway_b, co_window_cross_2, co_window_paths_c,
          co_window_unsneaky_path_d, co_window_4corner_a, co_window_paths_e,
          glass_columns_a, glass_columns_b
D:3:      layout_basic, lemuel_crystal_altar

Skill      XL: |  1  2  3 |
---------------+----------+-----
Fighting       | 4 |  4.3
Axes           | 3 |  3.6
Armour         | 4 |  4.1
Throwing       | 1 |  1.1
Shields        | |  3.9

Action                   |  1- 3 |  4- 6 || total
-------------------------+-------+-------++-------
Melee: War axe           |    49 |    25 ||    74
       Headbutt          |     5 |     2 ||     7
Throw: Boomerang         |    56 |     4 ||    60
Armor: Scale mail        |    12 |       ||    12
       Chain mail        |    48 |    53 ||   101
Dodge: Dodged            |    36 |     7 ||    43
Block: Buckler           |    18 |     5 ||    23

Table legend: (Time is in decaauts)
 A = Elapsed time spent in this place.
 B = Non-inter-level travel time spent in this place.
 C = Inter-level travel time spent in this place.
 D = Time resting spent in this place.
 E = Time spent auto-exploring this place.
 F = Levels seen in this place.
 G = Mean time per level.
                   A        B        C        D        E       F      G
               +--------+--------+--------+--------+--------+-----+--------+
         Total |   2342 |   2315 |     27 |      0 |   1874 |   3 |  780.7 |
       Dungeon |   2342 |   2315 |     27 |      0 |   1874 |   3 |  780.7 |
               +--------+--------+--------+--------+--------+-----+--------+

Top non-repeatable levels by time:
     D:2: 1213 daAuts
     D:1: 628 daAuts
     D:3: 499 daAuts
